 Dungeon Crawl Stone Soup version 0.29.1-2-gbd0b4ee654 (webtiles) character file.

Game seed: 8045917341405318840

900 RUZZLEFAZAZZLE the Shield-Bearer (level 8, -1/67 HPs)
             Began as a Gnoll Fighter on Nov 27, 2022.
             Was a Follower of Okawaru.
             Slain by a water moccasin (6 damage)
             ... on level 6 of the Dungeon.
             The game lasted 00:09:27 (4641 turns).

RUZZLEFAZAZZLE the Shield-Bearer (Gnoll Fighter)    Turns: 4641, Time: 00:09:28

Health: -1/67      AC: 17    Str: 18    XL:     8   Next: 7%
Magic:  12/12      EV:  8    Int:  8    God:    Okawaru [*.....]
Gold:   344        SH:  8    Dex: 11    Spells: 13/13 levels left

rFire   + . .      SeeInvis .   r - +2 flail (protect)
rCold   + . .      Faith    +   c - +3 buckler
rNeg    . . .      Spirit   .   g - +0 chain mail
rPois   +          Reflect  .   (no helmet)
rElec   +          Harm     .   (no cloak)
rCorr   +          Rampage  .   (no gloves)
Will    .....                   (no boots)
Stlth   ..........              k - amulet of faith
HPRegen 0.21/turn               b - ring of resist corrosion
MPRegen 0.13/turn               (no ring)

@: about to teleport, resistant, under a protective aura
A: fangs 1, strong nose, distributed training
a: Renounce Religion, Heroism


You were on level 6 of the Dungeon.
You worshipped Okawaru.
Okawaru was aware of your devotion.
You visited 2 branches of the dungeon, and saw 9 of its levels.

You collected 344 gold pieces.

Inventory:

Hand Weapons
 a - a +0 war axe
 n - a +0 hand axe
 r - a +2 flail of protection (weapon)
Armour
 c - a +3 buckler (worn)
 g - a +0 chain mail (worn)
Jewellery
 b - a ring of resist corrosion (left hand)
 k - an amulet of faith (around neck)
Wands
 s - a wand of iceblast (8)
Scrolls
 f - 4 scrolls of identify
Potions
 e - 2 potions of cancellation
 h - 2 potions of haste
 j - 2 potions of brilliance
 l - a potion of magic
 m - a potion of attraction


   Skills:
 + Level 7.3 Fighting
 + Level 3.0 Short Blades
 + Level 3.0 Long Blades
 + Level 5.5 Axes
 + Level 3.0 Maces & Flails
 + Level 3.0 Polearms
 + Level 3.0 Staves
 + Level 3.0 Ranged Weapons
 + Level 3.0 Throwing
 + Level 7.3 Armour
 + Level 3.0 Dodging
 + Level 3.0 Stealth
 + Level 7.3 Shields
 + Level 3.0 Unarmed Combat
 + Level 3.0 Spellcasting
 + Level 2.4 Conjurations
 + Level 2.4 Hexes
 + Level 2.4 Summonings
 + Level 2.4 Necromancy
 + Level 2.4 Translocations
 + Level 2.4 Transmutations
 + Level 2.4 Fire Magic
 + Level 2.4 Ice Magic
 + Level 2.4 Air Magic
 + Level 2.4 Earth Magic
 + Level 2.4 Poison Magic
 + Level 3.3 Invocations
 + Level 3.0 Evocations


You had 13 spell levels left.
You didn't know any spells.
Your spell library contained the following spells:

 Spells                   Type           Power      Damage    Failure   Level
 Magic Dart               Conj           20%        1d4       83%         1
 Searing Ray              Conj           10%        2d4       92%         2
 Frozen Ramparts          Ice            10%        1d2       99%         3
 Stone Arrow              Conj/Erth      10%        3d7       99%         3
 Fulminant Prism          Conj/Hex       2%         3d6       100%        4
 Ice Form                 Ice/Tmut       5%         N/A       100%        4
 Lehudib's Crystal Spear  Conj/Erth      2%         10d2      100%        8
 Animate Armour           Summ/Erth      Unusable   N/A       N/A         4
 Summon Ice Beast         Ice/Summ       Unusable   N/A       N/A         4

Dungeon Overview and Level Annotations

Branches:
Dungeon (8/15)             Temple (1/1) D:5            Lair (0/5) D:8

Altars:
Ashenzari
Cheibriados
Dithmenos
Elyvilon
Fedhas
Gozag
Hepliaklqana
Kikubaaqudgha
Makhleb
Nemelex Xobeh
Okawaru
Trog
Uskayaw
Vehumet
Wu Jian
Xom
The Shining One

Shops:
D:3 :


Innate Abilities, Weirdness & Mutations

You have very sharp teeth.
Your uncanny sense of smell can sniff out nearby items.
Your experience applies equally to all skills.


Message History

You block the water moccasin's attack. x2
You closely miss the water moccasin.
The water moccasin is heavily wounded.
You feel very sick. The water moccasin closely misses you.
You block the water moccasin's attack.
You miss the water moccasin.
The water moccasin is heavily wounded.
You feel sick.
The water moccasin bites you but does no damage. x2
You barely miss the water moccasin. Your bite misses the water moccasin.
The water moccasin is heavily wounded.
You feel sick. You block the water moccasin's attack.
You hit the water moccasin.
Your weapon exudes an aura of protection.
The water moccasin is severely wounded.
You feel sick. You block the water moccasin's attack.
The water moccasin bites you but does no damage.
You hit the water moccasin.
The water moccasin is severely wounded.
You feel sick.
The water moccasin bites you but does no damage.
The water moccasin bites you.
You hit the water moccasin.
You bite the water moccasin, but do no damage.
The water moccasin is almost dead.
You feel sick.
You are no longer poisoned.
The water moccasin bites you but does no damage.
The orc priest invokes the aid of Beogh against you.
Beogh smites you!
* * * LOW HITPOINT WARNING * * *
The water moccasin bites you but does no damage.
You feel protected.
The water moccasin bites you but does no damage.
Okay, then.
As you read the scroll of teleportation, it crumbles to dust.
You feel strangely unstable. The water moccasin bites you.
* * * LOW HITPOINT WARNING * * *
The water moccasin bites you.
You die...

######### #
#.ooS@..# ...
#.#####.#
.....######.# #.#
......o...[.# #.#
..o...o..##.# #.#
...#.###.##.#####.#
. # ∆ ...........#
##.####..####
#.####..#


You could see a water moccasin, an orc priest and an orc.

Vanquished Creatures
  Prince Ribbit (D:5)
  A water moccasin (D:8)
  A sky beast (D:5)
  A phantom (D:3)
  2 scorpions
  2 hounds
  An iguana (Temple)
  2 orc wizards
  4 adders
  A gnoll (D:1)
  2 white imps
  4 worms
  5 dart slugs
  13 orcs
  3 ball pythons
  3 endoplasms
  5 giant cockroaches
  7 hobgoblins
  2 jackals (D:3)
  3 quokkas
  3 bats
  2 frilled lizards
  2 goblins
  4 kobolds
  2 rats (D:1)
76 creatures vanquished.

Vanquished Creatures (others)
  An orc wizard (D:5)
1 creature vanquished.

Grand Total: 77 creatures vanquished

Notes
Turn   | Place    | Note
-------+----------+-------------------------------------------
     0 | D:1      | RUZZLEFAZAZZLE the Gnoll Fighter began the quest for the
                  | Orb.
     0 | D:1      | Reached XP level 1. HP: 23/23 MP: 1/1
    66 | D:1      | Reached XP level 2. HP: 29/29 MP: 2/2
   363 | D:1      | Found a faded altar of an unknown god.
   807 | D:2      | Reached XP level 3. HP: 35/35 MP: 3/3
   848 | D:2      | Reached skill level 1 in Invocations
   953 | D:2      | Reached skill level 1 in Short Blades
   953 | D:2      | Reached skill level 1 in Long Blades
   953 | D:2      | Reached skill level 1 in Maces & Flails
   953 | D:2      | Reached skill level 1 in Polearms
   953 | D:2      | Reached skill level 1 in Staves
   953 | D:2      | Reached skill level 1 in Ranged Weapons
   953 | D:2      | Reached skill level 1 in Throwing
   953 | D:2      | Reached skill level 1 in Dodging
   953 | D:2      | Reached skill level 1 in Stealth
   953 | D:2      | Reached skill level 1 in Unarmed Combat
   953 | D:2      | Reached skill level 1 in Spellcasting
   953 | D:2      | Reached skill level 1 in Evocations
   993 | D:2      | Reached XP level 4. HP: 41/41 MP: 5/5
  1001 | D:2      | Found a hide-covered altar of Uskayaw.
  1690 | D:3      | Reached skill level 1 in Conjurations
  1690 | D:3      | Reached skill level 1 in Hexes
  1690 | D:3      | Reached skill level 1 in Summonings
  1690 | D:3      | Reached skill level 1 in Necromancy
  1690 | D:3      | Reached skill level 1 in Translocations
  1690 | D:3      | Reached skill level 1 in Transmutations
  1690 | D:3      | Reached skill level 1 in Fire Magic
  1690 | D:3      | Reached skill level 1 in Ice Magic
  1690 | D:3      | Reached skill level 1 in Air Magic
  1690 | D:3      | Reached skill level 1 in Earth Magic
  1690 | D:3      | Reached skill level 1 in Poison Magic
  1778 | D:3      | Found a snail-covered altar of Cheibriados.
  1908 | D:3      | Found Ypimmol's Vocational Training.
  2379 | D:3      | Noticed a phantom
  2391 | D:3      | Killed a phantom
  2392 | D:3      | Reached XP level 5. HP: 46/47 MP: 5/7
  2895 | D:4      | Reached skill level 5 in Axes
  2895 | D:4      | Reached XP level 6. HP: 35/53 MP: 7/9
  3516 | D:5      | Entered Level 5 of the Dungeon
  3878 | D:5      | Found a staircase to the Ecumenical Temple.
  3884 | Temple   | Entered the Ecumenical Temple
  3898 | Temple   | Reached XP level 7. HP: 57/60 MP: 10/10
  3975 | Temple   | Became a worshipper of Warmaster Okawaru
  4026 | D:5      | Noticed Prince Ribbit
  4052 | D:5      | Killed Prince Ribbit
  4374 | D:5      | You fall into a shaft and drop 3 floors!
  4418 | D:8      | Reached * piety under Okawaru
  4419 | D:8      | Reached XP level 8. HP: 47/67 MP: 12/12
  4641 | D:6      | Slain by a water moccasin

Illustrated notes

Levels and vault maps discovered:
D:1:      sevenhm_arrival_forest_fort_large_4, layout_basic,
          shapermc_ecumenical_altar_notcrosses
D:2:      layout_rooms, basic_altar
D:3:      layout_loops_corners, nicolae_overflow_hidden_temple,
          nicolae_shop_vocational
D:4:      layout_loops_ring
D:5:      layout_rooms, minmay_temple_entry_trees, uniq_crazy_yiuf_cottage,
          uniq_prince_ribbit1
D:6:      layout_loops_ring, gammafunk_ghost_smash
D:7:      layout_loops_ring, zin_angel, overflow_temple_1_default, serial_glass,
          glass_columns_a, glass_columns_a, glass_columns_a,
          due_unseen_surprise, feat_on_display, ebering_ghost_disaster_area,
          minmay_misc_feat_encased, uniq_duvessa
D:8:      layout_basic, nicolae_qazlal_scattered_showers, dpeg_lair_monsters,
          ebering_ghost_disaster_area, grunt_ministairs_12
Temple:   nicolae_temple_superstar

Skill      XL: |  1  2  3  4  5  6  7 |
---------------+----------------------+-----
Invocations    | 1 2 3 |  3.3
Short Blades   | 1 2 3 |  3.0
Long Blades    | 1 2 3 |  3.0
Maces & Flails | 1 2 3 |  3.0
Polearms       | 1 2 3 |  3.0
Staves         | 1 2 3 |  3.0
Ranged Weapons | 1 2 3 |  3.0
Throwing       | 1 2 3 |  3.0
Dodging        | 1 2 3 |  3.0
Stealth        | 1 2 3 |  3.0
Unarmed Combat | 1 2 3 |  3.0
Spellcasting   | 1 2 3 |  3.0
Evocations     | 1 2 3 |  3.0
Conjurations   | 1 2 |  2.4
Hexes          | 1 2 |  2.4
Summonings     | 1 2 |  2.4
Necromancy     | 1 2 |  2.4
Translocations | 1 2 |  2.4
Transmutations | 1 2 |  2.4
Fire Magic     | 1 2 |  2.4
Ice Magic      | 1 2 |  2.4
Air Magic      | 1 2 |  2.4
Earth Magic    | 1 2 |  2.4
Poison Magic   | 1 2 |  2.4
Axes           | 5 |  5.5
Fighting       | 7 |  7.3
Armour         | 7 |  7.3
Shields        | 7 |  7.3

Action                   |  1- 3 |  4- 6 |  7- 9 || total
-------------------------+-------+-------+-------++-------
Melee: War axe           |    72 |    44 |       ||   116
       Bite              |     4 |    10 |     7 ||    21
       Hand axe          |       |    54 |       ||    54
       Flail             |       |    61 |    81 ||   142
  Use: Scroll            |       |    15 |     6 ||    21
       Potion            |       |       |     3 ||     3
Armor: Scale mail        |     6 |       |       ||     6
       Chain mail        |    38 |    96 |    63 ||   197
Dodge: Dodged            |    19 |    47 |    28 ||    94
Block: Buckler           |    20 |    50 |    41 ||   111
